 Dungeon Crawl Stone Soup version 0.27-a0-401-gea03ee85fd (webtiles) character file.

Game seed: 13847392625529967881

877 miscthings the Basher (level 7, -6/52 HPs)
             Began as a Demonspawn Chaos Knight on Feb 22, 2021.
             Was a Plaything of Xom.
             Shot with an arrow by a centaur (9 damage)
             ... on level 5 of the Dungeon.
             The game lasted 00:07:47 (5161 turns).

miscthings the Basher (Demonspawn Chaos Knight)     Turns: 5161, Time: 00:07:48

Health: -6/52      AC:  6    Str: 14    XL:     7   Next: 75%
Magic:  6/6        EV:  8    Int: 13    God:    Xom [....*.]
Gold:   224        SH:  7    Dex: 13    Spells: 6/6 levels left

rFire    . . .     SeeInvis .   a - +0 mace (chaos)
rCold    . . .     Faith    .   k - +0 kite shield
rNeg     . . .     Spirit   .   b - +2 leather armour
rPois    .         Reflect  .   (no helmet)
rElec    .         Harm     .   (no cloak)
rCorr    .         Rampage  .   m - +0 pair of gloves
Will     .....                  (no boots)
Stlth    +.........             e - amulet of magic regeneration
HPRegen  0.17/turn              (no ring)
MPRegen  0.35/turn              (no ring)

@: no status effects
A: hooves 2, low mp 1, mutation resistance 1, demonic magic 1
a: Renounce Religion


You were on level 5 of the Dungeon.
You worshipped Xom.
You were a beloved toy of Xom.
You visited 1 branch of the dungeon, and saw 5 of its levels.

You collected 224 gold pieces.

Inventory:

Hand Weapons
 a - a +0 mace of chaos (weapon)
 c - a +0 whip of distortion
Armour
 b - a +2 leather armour (worn)
 k - a +0 kite shield (worn)
 m - a +0 pair of gloves (worn)
Jewellery
 e - an amulet of magic regeneration (around neck)
 q - a ring of fire {unknown}
 u - an amulet of reflection {unknown}
Wands
 r - a wand of acid (3)
 s - a wand of flame (2)
 V - a wand of paralysis (3)
Scrolls
 g - a scroll of amnesia {unknown}
 h - 2 scrolls of teleportation {unknown}
 i - a scroll of random uselessness
 l - a scroll of enchant weapon {unknown}
 w - a scroll of identify {@r1}
Potions
 d - 3 potions of heal wounds {unknown}
 f - a potion of attraction {unknown}
 j - a potion of lignification
 n - 2 potions of ambrosia {unknown}
 o - a potion of brilliance {unknown}
 p - a potion of haste {unknown}
 t - a potion of flight {unknown}
 v - a potion of resistance {unknown}


   Skills:
 - Level 3.0 Fighting
 + Level 8.6 Maces & Flails
 - Level 1.7 Armour
 - Level 0.8 Dodging


You had 6 spell levels left.
You didn't know any spells.
Your spell library was empty.

Dungeon Overview and Level Annotations

Branches:
Dungeon (5/15)
 Temple: D:4-7

Altars:
Vehumet
Wu Jian


Innate Abilities, Weirdness & Mutations

You have hoof-like feet.
Spells you cast may paralyse adjacent enemies.
Your magical capacity is low. (-10% MP)
You are somewhat resistant to further mutation.


Message History

The centaur wields a +0 rapier.
The centaur hits you with a +0 rapier.
Your shield prevents you from hitting the centaur.
Your kick misses the centaur.
The centaur hits you with a +0 rapier. x2
The centaur barely misses you.
The centaur hits you but does no damage.
You hit the centaur. You freeze the centaur.
The centaur is lightly wounded.
The centaur hits you with a +0 rapier. x2
* * * LOW HITPOINT WARNING * * *
The centaur barely misses you.
That's the wrong kind of item! (Use * to select it.) Evoke which item? (* to show all) (? for menu, Esc to quit)
Okay, then.
That's the wrong kind of item! (Use * to select it.) Evoke which item? (* to show all) (? for menu, Esc to quit)
Aiming: Paralyse
Press: ? - help, Shift-Dir - straight line, f - centaur
Aim: a centaur, wielding a +0 rapier, wearing a ring of willpower and quivering arrows (chance to affect: 46%)
The centaur resists with almost no effort.
The centaur hits you but does no damage.
You block the centaur's attack. The centaur barely misses you.
Aiming: Paralyse
Press: ? - help, Shift-Dir - straight line, f/p - centaur
Aim: a centaur, wielding a +0 rapier, wearing a ring of willpower and quivering arrows (chance to affect: 46%)
The centaur resists with almost no effort.
The centaur hits you with a +0 rapier.
* * * LOW HITPOINT WARNING * * *
You block the centaur's attack.
The centaur unwields a +0 rapier.
The centaur wields a +0 shortbow.
The centaur shoots an arrow.
The arrow hits you.
* * * LOW HITPOINT WARNING * * *
The centaur unwields a +0 rapier.
The centaur wields a +0 shortbow.
The centaur shoots an arrow.
You block the arrow.
The centaur shoots an arrow.
You block the arrow.
As you read the scroll labelled NOOTSAT YKH, it crumbles to dust.
It is a scroll of identify.
i - a scroll of random uselessness The centaur shoots an arrow.
The arrow hits you!
You die...
Xom thinks this is hilarious!

... ##.##
###############.?.#
......(.......)...#
####.########.#.(.#
# #.# #.##### # #.#
##.## # #.#
#...#######.# # #.#
#..#c.@.......
####)#
....###.#####.>.
.....# .###. #.c#
###### .)....# #...
.# #####..# #.. .#
#..#####.. ..#
#......... ...#
...##..#.##...##
#..............#


You could see 2 centaurs.

Vanquished Creatures
  An orc warrior (D:5)
  An ogre (D:5)
  2 howler monkeys
  A hound (D:4)
  A gnoll shaman (D:4)
  A bullfrog skeleton (D:4)
  An iguana (D:4)
  Terence (D:2)
  5 orc wizards
  3 worker ants
  Robin (D:2)
  8 gnolls
  4 adders
  2 oozes
  An adder skeleton (D:5)
  An adder zombie (D:5)
  3 worms
  2 dart slugs (D:1)
  6 leopard geckos
  23 orcs
  4 bats
  A giant cockroach (D:2)
  17 goblins
  7 hobgoblins
  6 jackals
  6 kobolds
  2 quokkas (D:2)
  A ball python (D:4)
  5 frilled lizards
  A quokka skeleton (D:5)
  12 rats
130 creatures vanquished.

Vanquished Creatures (collateral kills)
  A frilled lizard (D:2)
1 creature vanquished.

Vanquished Creatures (others)
  An orc (D:3)
1 creature vanquished.

Grand Total: 132 creatures vanquished

Notes
Turn   | Place    | Note
-------+----------+-------------------------------------------
     0 | D:1      | miscthings the Demonspawn Chaos Knight began the quest for
                  | the Orb.
     0 | D:1      | Reached XP level 1. HP: 18/18 MP: 1/1
   327 | D:1      | Reached skill level 3 in Maces & Flails
   334 | D:1      | Gained mutation: You have large cloven feet. [demonic
                  | ancestry]
   334 | D:1      | Reached XP level 2. HP: 23/24 MP: 2/2
   759 | D:1      | XOM: silly message
  1195 | D:2      | Reached XP level 3. HP: 22/29 MP: 3/3
  1241 | D:2      | Found a radiant altar of Vehumet.
  1243 | D:2      | Noticed Robin
  1255 | D:2      | Killed Robin
  1256 | D:2      | Reached skill level 4 in Maces & Flails
  1258 | D:2      | XOM: noise
  1303 | D:2      | Xom revived you
  1312 | D:2      | HP: 1/29 [quokka (1)]
  1360 | D:2      | XOM: potion effect (haste)
  1362 | D:2      | XOM: potion effect (might)
  1368 | D:2      | Reached XP level 4. HP: 9/35 MP: 4/4
  1372 | D:2      | XOM: cloud trail
  1661 | D:2      | Noticed Terence
  1680 | D:2      | Killed Terence
  1681 | D:2      | XOM: blink monster(s)
  1683 | D:2      | Reached skill level 5 in Maces & Flails
  1684 | D:2      | XOM: cast spell 'Summon Mana Viper'
  1753 | D:2      | Gained mutation: You have hoof-like feet. [demonic
                  | ancestry]
  1753 | D:2      | Reached XP level 5. HP: 23/41 MP: 5/5
  1757 | D:2      | XOM: potion effect (brilliance)
  2249 | D:2      | XOM: give mutations
  2249 | D:2      | Gained mutation: Your magical capacity is low. (-10% MP)
                  | [Xom's mischief]
  2249 | D:2      | Gained mutation: Your magical capacity is very low. (-20%
                  | MP) [Xom's mischief]
  2249 | D:2      | Gained mutation: You are somewhat resistant to further
                  | mutation. [Xom's mischief]
  2249 | D:2      | Lost mutation: Your magical capacity is very low. (-20% MP)
                  | [Xom's mischief]
  2609 | D:3      | Found a faded altar of an unknown god.
  2769 | D:3      | Found an ornate altar of the Wu Jian Council.
  2917 | D:4      | XOM: blink monster(s)
  2924 | D:4      | Reached skill level 6 in Maces & Flails
  3078 | D:4      | Reached XP level 6. HP: 32/47 MP: 5/5
  3203 | D:4      | XOM: stat loss: -1 Str (13/14)
  3589 | D:4      | Reached skill level 7 in Maces & Flails
  4228 | D:4      | XOM: silly message
  4252 | D:4      | You fall into a shaft and drop 1 floor!
  4252 | D:5      | Entered Level 5 of the Dungeon
  4319 | D:5      | Gained mutation: Spells you cast may paralyse adjacent
                  | enemies. [demonic ancestry]
  4319 | D:5      | Reached XP level 7. HP: 44/52 MP: 6/6
  4386 | D:5      | XOM: noise
  4588 | D:5      | HP: 2/52 [orc warrior/+0 dire flail (13)]
  4594 | D:5      | HP: 1/52 [orc/+0 flail (2)]
  4595 | D:5      | Reached skill level 8 in Maces & Flails
  4834 | D:4      | XOM: god gift: glowing black potion {god gift}
  5161 | D:5      | Shot with an arrow by a centaur

Illustrated notes

Levels and vault maps discovered:
D:1:      dpeg_arrival_rooms_b, layout_basic, minmay_misc_feat_columns
D:2:      layout_basic, general_overflow_altar, ebering_dispersal_statue_hall,
          uniq_terence, uniq_robin
D:3:      layout_rooms, nzn_wu_jian_council_hall,
          chequers_ecumenical_altar_island
D:4:      layout_gridville
D:5:      layout_loops_ring, basic_altar

Skill      XL: |  1  2  3  4  5  6  7 |
---------------+----------------------+-----
Maces & Flails | 3 4 5 6 7 8 |  8.6
Fighting       | |  3.0
Armour         | |  1.7
Dodging        | |  0.8

Action                   |  1- 3 |  4- 6 |  7- 9 || total
-------------------------+-------+-------+-------++-------
Melee: Mace              |    94 |   208 |    86 ||   388
       Kick              |    17 |    44 |     8 ||    69
       Dagger            |     1 |       |       ||     1
Evoke: Wand              |       |     5 |     6 ||    11
  Use: Potion            |       |     2 |     1 ||     3
       Scroll            |       |       |     1 ||     1
 Stab: Petrified         |     1 |     4 |       ||     5
       Paralysed         |       |     2 |    10 ||    12
       Petrifying        |       |     1 |       ||     1
Armor: Leather armour    |    32 |    57 |    11 ||   100
       Skin              |       |    13 |    60 ||    73
Dodge: Dodged            |    75 |    84 |    23 ||   182
Block: Kite shield       |       |    84 |    35 ||   119

Table legend: (Time is in decaauts)
 A = Elapsed time spent in this place.
 B = Non-inter-level travel time spent in this place.
 C = Inter-level travel time spent in this place.
 D = Time resting spent in this place.
 E = Time spent auto-exploring this place.
 F = Levels seen in this place.
 G = Mean time per level.
                   A        B        C        D        E       F      G
               +--------+--------+--------+--------+--------+-----+--------+
         Total |   5281 |   5137 |    144 |   2084 |   1940 |   5 | 1056.2 |
       Dungeon |   5281 |   5137 |    144 |   2084 |   1940 |   5 | 1056.2 |
               +--------+--------+--------+--------+--------+-----+--------+

Top non-repeatable levels by time:
     D:4: 1752 daAuts
     D:2: 1258 daAuts
     D:1: 1138 daAuts
     D:5: 574 daAuts
     D:3: 557 daAuts
